 Seeded DCSS version 0.28-a0-1184-g53156a8862 (webtiles) character file.

Game seed: 20211217 (custom seed)

401 flotson the Ducker (level 6, -2/48 HPs)
             Began as a Demonspawn Gladiator on Dec 17, 2021.
             Succumbed to a killer bee's poison
             ... on level 4 of the Dungeon.
             The game lasted 00:06:16 (5103 turns).

flotson the Ducker (Demonspawn Gladiator)           Turns: 5103, Time: 00:06:16

Health: -2/48      AC:  9    Str: 17    XL:     6   Next: 54%
Magic:  6/6        EV: 11    Int:  9    God:
Gold:   189        SH:  6    Dex: 14    Spells: 5/5 levels left

rFire   . . .      SeeInvis .   a - +1 dagger (drain)
rCold   . . .      Faith    .   (no shield)
rNeg    . . .      Spirit   .   s - +0 scale mail
rPois   .          Reflect  .   c - +0 helmet
rElec   .          Harm     .   (no cloak)
rCorr   .          Rampage  .   (no gloves)
Will    .....                   l - +0 pair of boots
Stlth   ..........              i - amulet of the acrobat
HPRegen 0.16/turn               (no ring)
MPRegen 0.10/turn               (no ring)

@: mighty, lethally poisoned (-2 -> -15)
A: large bone plates 2, demonic guardian 1
a: no special abilities


You were on level 4 of the Dungeon.
You visited 2 branches of the dungeon, and saw 5 of its levels.

You collected 189 gold pieces.

Inventory:

Hand Weapons
 a - a +1 dagger of draining (weapon)
 b - a +0 hunting sling
 g - a +0 flail
Missiles
 d - 2 throwing nets
 k - 39 poisoned darts (quivered)
 t - 27 sling bullets
Armour
 c - a +0 helmet (worn)
 l - a +0 pair of boots (worn)
 s - a +0 scale mail (worn)
Jewellery
 i - an amulet of the acrobat (around neck)
Scrolls
 e - a scroll of identify {unknown}
 n - a scroll of immolation {unknown}
 p - a scroll of fear {unknown}
 q - a scroll of torment {unknown}
 r - a scroll of vulnerability {unknown}
 u - a scroll of summoning {unknown}
 v - 2 scrolls of blinking {unknown}
 x - a scroll of fog {unknown}
 y - a scroll of enchant weapon {unknown}
Potions
 f - a potion of brilliance
 o - a potion of berserk rage {unknown}
 w - a potion of haste {unknown}


   Skills:
 + Level 3.8 Fighting
 - Level 2.6 Maces & Flails
 + Level 3.5 Throwing
 + Level 2.8 Armour
 + Level 4.0 Dodging


You had 5 spell levels left.
You didn't know any spells.
Your spell library contained the following spells:

 Spells                   Type           Power      Damage    Failure   Level
 Animate Skeleton         Necr           0%         N/A       80%         1
 Pain                     Necr           0%         1d4       80%         1
 Vampiric Draining        Necr           0%         2d6       99%         3


Dungeon Overview and Level Annotations

Branches:
Dungeon (4/15)             Temple (1/1) D:4

Altars:
Ashenzari
Cheibriados
Elyvilon
Hepliaklqana
Kikubaaqudgha
Nemelex Xobeh
Okawaru
Sif Muna
Trog
Uskayaw
Wu Jian
Xom
Yredelemnul
Zin
The Shining One

Shops:
D:2 *


Innate Abilities, Weirdness & Mutations

You are mostly covered in large bone plates. (SH +6)
A weak demonic guardian rushes to your aid.


Message History

The killer bee is poisoned.
The killer bee is severely wounded.
The killer bee stings you!
You are poisoned.
The killer bee poisons you! You block the killer bee's attack.
You feel better. The killer bee closely misses you. The killer bee stings you.
Throw: 41 darts (poison)
Press: ? - help, Q - select action, (/) - cycle Shift-Dir - straight line, f/p - adder
Aim: an adder (42% to hit)
You throw a poisoned dart.
The poisoned dart barely misses the killer bee.
The poisoned dart barely misses the killer bee.
The poisoned dart misses the killer bee.
The poisoned dart hits the adder.
The adder is poisoned.
The killer bee stings you. The killer bee barely misses you.
Throw: 40 darts (poison)
Press: ? - help, Q - select action, (/) - cycle Shift-Dir - straight line, f/p - adder
Aim: an adder (poisoned, 42% to hit)
You throw a poisoned dart.
The poisoned dart misses the killer bee.
The poisoned dart hits the killer bee!
The killer bee is poisoned.
The killer bee stings you!
* * * LOW HITPOINT WARNING * * *
A demonic guardian appears!
You are lethally poisoned!
The killer bee poisons you! The killer bee stings you.
* * * LOW HITPOINT WARNING * * *
You are more poisoned.
The killer bee poisons you!
It was a potion of cancellation.
Your magical effects are unravelling.
You feel magically purged.
You feel a little less clever now.
* * * LOW HITPOINT WARNING * * *
You feel very sick.
You kill the killer bee!
You block the killer bee's attack.
It was a potion of might.
You feel very mighty all of a sudden.
You die...

### #+ ..#
######.#########.#
......5@yyS((((((#
.#.###.########y.######.
#. #............ #.
#.##..#...<.. #. #
#...#.##### #. #.$.#†#
#. .....#.# ## ###..##.#
#.$##.#


You could see 2 killer bees, an adder (poisoned) and a friendly iron imp
(summoned).

Vanquished Creatures
  An ogre (D:2)
  3 killer bees (D:4)
  A hound (D:2)
  An orc wizard (D:3)
  4 gnolls (D:4)
  2 worms (D:2)
  2 dart slugs
  5 orcs
  8 bats
  8 endoplasms
  2 giant cockroaches
  12 goblins
  4 hobgoblins
  10 jackals
  4 kobolds
  A quokka (D:3)
  6 ball pythons
  7 rats
81 creatures vanquished.

Vanquished Creatures (others)
  A plant (D:3)
1 creature vanquished.

Grand Total: 82 creatures vanquished

Notes
Turn   | Place    | Note
-------+----------+-------------------------------------------
     0 | D:1      | flotson the Demonspawn Gladiator began the quest for the
                  | Orb.
     0 | D:1      | Reached XP level 1. HP: 16/16 MP: 1/1
   557 | D:1      | Gained mutation: A weak demonic guardian rushes to your
                  | aid. [demonic ancestry]
   557 | D:1      | Reached XP level 2. HP: 22/22 MP: 2/2
  1028 | D:1      | Reached skill level 3 in Dodging
  1954 | D:1      | Reached skill level 1 in Armour
  2595 | D:2      | Gained mutation: You are partially covered in large bone
                  | plates. (SH +4) [demonic ancestry]
  2595 | D:2      | Reached XP level 3. HP: 26/28 MP: 3/3
  2606 | D:2      | Found Ixegorch's Assorted Antiques.
  2845 | D:2      | Noticed an ogre
  2870 | D:2      | Killed an ogre
  2871 | D:2      | Reached XP level 4. HP: 29/35 MP: 4/4
  3337 | D:2      | Gained mutation: You are mostly covered in large bone
                  | plates. (SH +6) [demonic ancestry]
  3337 | D:2      | Reached XP level 5. HP: 19/41 MP: 5/5
  3629 | D:3      | Found a faded altar of an unknown god.
  4601 | D:4      | Found a staircase to the Ecumenical Temple.
  4606 | Temple   | Entered the Ecumenical Temple
  5030 | D:4      | Reached XP level 6. HP: 47/47 MP: 6/6
  5097 | D:4      | Reached skill level 4 in Dodging
  5102 | D:4      | HP: 1/48 [poisoned by a killer bee]
  5103 | D:4      | Succumbed to a killer bee's poison

Illustrated notes

Levels and vault maps discovered:
D:1:      minmay_arrival_four_loops, layout_loops_ring, nicolae_wormholes
D:2:      layout_rooms, serial_shops, nicolae_shop_stone,
          kennysheep_another_room
D:3:      layout_loops_ring, shapermc_ecumenical_altar_mp_ritualfount
D:4:      layout_loops_ring, gammafunk_temple_overflow_elements,
          minmay_temple_entry_nine_rooms
Temple:   regret_index_temple_waves

Skill      XL: |  1  2  3  4  5  6 |
---------------+-------------------+-----
Throwing       | 2 3 |  3.5
Dodging        | 3 4 |  4.0
Armour         | 1 2 |  2.8
Fighting       | 3 |  3.8
Maces & Flails | |  2.6

Action                   |  1- 3 |  4- 6 || total
-------------------------+-------+-------++-------
Melee: Dagger            |   122 |   159 ||   281
       Flail             |     7 |       ||     7
 Fire: Hunting sling     |       |     7 ||     7
Throw: Throwing net      |     1 |       ||     1
       Dart              |       |     8 ||     8
  Use: Potion            |       |     5 ||     5
 Stab: Sleeping          |     3 |       ||     3
Armor: Leather armour    |    36 |    28 ||    64
       Scale mail        |       |    19 ||    19
Dodge: Dodged            |    80 |    92 ||   172
Block: Other             |     3 |    36 ||    39

Table legend: (Time is in decaauts)
 A = Elapsed time spent in this place.
 B = Non-inter-level travel time spent in this place.
 C = Inter-level travel time spent in this place.
 D = Time resting spent in this place.
 E = Time spent auto-exploring this place.
 F = Levels seen in this place.
 G = Mean time per level.
                   A        B        C        D        E       F      G
               +--------+--------+--------+--------+--------+-----+--------+
         Total |   5102 |   4995 |    107 |    205 |   4101 |   5 | 1020.4 |
       Dungeon |   4971 |   4880 |     91 |    205 |   3998 |   4 | 1242.8 |
        Temple |    131 |    115 |     16 |      0 |    103 |   1 |  131.0 |
               +--------+--------+--------+--------+--------+-----+--------+

Top non-repeatable levels by time:
     D:1: 2585 daAuts
     D:2: 988 daAuts
     D:3: 986 daAuts
     D:4: 410 daAuts
  Temple: 131 daAuts
